 Dungeon Crawl Stone Soup version 0.22.0-1-g6561e4c (webtiles) character file.

61 Gorglomux the Sneak (level 3, 0/15 HPs)
             Began as a Felid Wizard on Aug 12, 2018.
             Slain by an orc priest (5 damage)
             ... on level 2 of the Dungeon.
             The game lasted 00:03:10 (3005 turns).

Gorglomux the Sneak (Felid Wizard)                  Turns: 3005, Time: 00:03:11

Health: 0/15       AC:  1    Str:  4    XL:     3   Next: 83%
Magic:  4/8        EV: 18    Int: 19    God:
Gold:   106        SH:  0    Dex: 14    Spells: 3/8 levels left
                                        Lives:  0   Deaths: 0

rFire    . . .     SeeInvis +   (weapon unavailable)
rCold    . . .     Gourm    .   (shield unavailable)
rNeg     . . .     Faith    .   (armour unavailable)
rPois    .         Spirit   .   (helmet unavailable)
rElec    .         Reflect  .   (cloak unavailable)
rCorr    .         Harm     .   (gloves unavailable)
MR       .....                  (boots unavailable)
Stlth    +++.......             (no amulet)
HPRegen  0.05/turn              (no ring)
MPRegen  0.11/turn              (no ring)

@: flying, quick
A: very small, no armour, no weapons or thrown items, stealth, claws 1, fangs 3,
see invisible, carnivore, speed 1, shaggy fur 1, slow metabolism 1, sharp paws
a: no special abilities


You were on level 2 of the Dungeon.
You were very full.

You visited 1 branch of the dungeon, and saw 3 of its levels.

You collected 106 gold pieces.

Inventory:

Scrolls
 c - 2 scrolls of immolation {unknown}
 d - 3 scrolls of teleportation {unknown}
 g - 2 scrolls of identify {unknown}
 k - a scroll of blinking {unknown}
Potions
 e - a potion of flight
 h - a potion of heal wounds {unknown}
 j - a potion of magic {unknown}
Comestibles
 b - 3 rations


   Skills:
 + Level 0.5 Fighting
 + Level 2.9 Dodging
 - Level 5.6 Stealth
 + Level 0.4 Unarmed Combat
 - Level 3.0 Spellcasting
 - Level 0.8 Conjurations
 - Level 1.0 Summonings
 - Level 1.5 Translocations


You had 3 spell levels left.
You knew the following spells:

 Your Spells              Type           Power        Failure   Level  Hunger
a - Magic Dart            Conj           #...         11%         1    None
b - Call Imp              Summ           #.......     16%         2    ##.....
d - Blink                 Tloc           N/A          12%         2    ##.....

Your spell library contained the following spells:

 Spells                   Type           Power        Failure   Level  Hunger
 Conjure Flame            Conj/Fire      #.......     36%         3    ###....
 Slow                     Hex            #.......     22%         2    ##.....
 Mephitic Cloud           Conj/Pois/Air  #.......     38%         3    ###....


Dungeon Overview and Level Annotations

Branches:
Dungeon (3/15)

Altars:
Uskayaw


Innate Abilities, Weirdness & Mutations

You cannot wear armour.
You are incapable of wielding weapons or throwing items.
Your paws allow you to move quietly. (Stealth)
You have sharp claws.
You have razor-sharp teeth.
You have supernaturally acute eyesight. (SInv)
You are carnivorous and can eat meat at any time.
You cover ground quickly.
You are covered in fur. (AC +1)
You have a slow metabolism.
Your sharp claws are effective at attacking unaware monsters.


Message History

The orc priest butt-ly misses you!
Casting: Call Imp (safe; 16% risk of failure)
Confirm with ! or Enter, or press ? or * to list all spells!
A beastly little devil appears in a puff of frigid air!
The orc barely misses you! The orc priest hits you!
Your crimson imp hits the orc priest but butts no butt!
Unknown command!
It was a potion of flight!
You feel very buoyant!
You fly up into the air!
The orc completely butts you!
Your crimson imp completely misses the orc priest!
Your white imp gestures at the orc!
The puff of frost hits the orc!
The orc priest completely misses you!
You barely miss the orc priest! You bite the orc priest!
The orc priest is severely wounded!
The orc closely misses your white imp!
Your crimson imp misses the orc priest!
Your white imp hits the orc!
The orc dies!!!
The orc priest hits you! rip

#..###### #.#.#
........## #.#.###
#..###...###.#...#
#............###.#
#.####...##### #.#
#.#####.## #.#
#.....#.# #5#
#####.#.# #)#
#.#.# #@# #.#.#
#o# #.#.# #5#
#####.#.# #.#
........########.#
#...........)....#
#.###.############
#.###.# #.##..#


You could see an orc priest, a friendly crimson imp and a friendly white imp.

Vanquished Creatures
  2 leopard geckos
  9 bats
  2 giant cockroaches
  2 goblins (D:1)
  4 hobgoblins
  5 jackals
  3 kobolds
  2 frilled lizards (D:1)
  5 rats
34 creatures vanquished.

Vanquished Creatures (collateral kills)
  Terence (D:2)
  A worm (D:2)
  An orc (D:2)
  A giant cockroach (D:2)
  A hobgoblin (D:2)
  A jackal (D:2)
  A quokka (D:2)
7 creatures vanquished.

Grand Total: 41 creatures vanquished

Notes
Turn   | Place    | Note
-------+----------+-------------------------------------------
     0 | D:1      | Gorglomux the Felid Wizard began the quest for the Orb.
     0 | D:1      | Reached XP level 1. HP: 7/7 MP: 5/5
    94 | D:1      | Reached skill level 3 in Stealth
   316 | D:1      | Reached XP level 2. HP: 11/11 MP: 2/7
   336 | D:1      | Reached skill level 4 in Stealth
  1160 | D:2      | Reached skill level 5 in Stealth
  1164 | D:2      | Learned a level 2 spell: Blink
  1167 | D:2      | Learned a level 2 spell: Call Imp
  1212 | D:2      | Reached XP level 3. HP: 6/14 MP: 0/8
  1534 | D:2      | Noticed Terence
  1569 | D:2      | Killed Terence
  2456 | D:2      | Found a hide-covered altar of Uskayaw.
  3005 | D:2      | Slain by an orc priest

Skill      XL: |  1  2 |
---------------+-------+-----
Stealth        | 3 5 |  5.6
Fighting       | |  0.5
Dodging        | |  2.9
Unarmed Combat | |  0.4
Spellcasting   | |  3.0
Conjurations   | |  0.8
Summonings     | |  1.0
Translocations | |  1.5

Action                   || total
-------------------------++-------
Melee: Unarmed           ||    26
       Bite              ||     3
 Cast: Magic Dart        ||    92
       Call Imp          ||    13
  Use: Potion            ||     1
 Stab: Sleeping          ||     1
  Eat: Chunk             ||    11
Armor: Skin              ||     2
Dodge: Dodged            ||    55
